AoeStats
← charliegieser

Oasis

507193653Analyzed
2v2 RM · 15d ago on Sep 17, 2026· 56m 27s· 4 players
Game mode
Random Map
Map size
Medium (4 player)
Population
200
Speed
Normal
Resources
Standard
Victory
Conquest
Starting age
Dark Age
Ending age
Imperial Age
RankedLock teamsTeams togetherTeam positionsShared explorationLock speedFull tech treeHidden civsTurbo modeCheats
Victory
Defeat
🇺🇸 Magyars · United States
949
+13
🇺🇸 Vikings · United States
925
+14
🇦🇷 Persians · Argentina
932
-15
🇦🇷 Cumans · Argentina
848
-12
Road-Warrior
12:28 Feudal Age
10:45 Loom
13:09 Double-Bit Axe
15:57 Loom
16:49 Wheelbarrow
16:41 Horse Collar
26:34 Fletching
27:52 Man-at-Arms
30:49 Castle Age
30:03 Gold Mining
30:04 Stone Mining
30:59 Long Swordsman
33:24 Squires
35:10 Forging
35:37 Heavy Plow
36:23 Bow Saw
37:13 Gold Shaft Mining
37:33 Hand Cart
39:20 Iron Casting
38:46 Scale Mail Armor
38:25 Capped Ram
41:26 Chain Mail Armor
41:31 Bodkin Arrow
43:50 Padded Archer Armor
48:56 Imperial Age
47:27 Pikeman
50:12 Crop Rotation
50:44 Blast Furnace
50:16 Plate Mail Armor
49:45 Siege Ram
51:39 Two-Man Saw
52:09 Guilds
52:17 Leather Archer Armor
51:39 Two-Handed Swordsman
La Morsa Aplastacráneos
10:50 Feudal Age
10:57 Loom
17:01 Castle Age
16:03 Forging
23:47 Double-Bit Axe
24:55 Horse Collar
26:02 Husbandry
27:12 Bloodlines
28:42 Wheelbarrow
29:24 Scale Barding Armor
31:03 Iron Casting
31:36 Chain Barding Armor
39:22 Fletching
45:34 Town Watch
50:15 Gold Mining
50:39 Bow Saw
50:32 Heavy Plow
51:40 Gold Shaft Mining
51:41 Hand Cart
55:07 Imperial Age
54:44 Heavy Camel Rider
56:37 Blast Furnace
56:12 Plate Barding Armor
charliegieser
7:51 Loom
11:34 Feudal Age
11:59 Double-Bit Axe
16:23 Fletching
16:34 Padded Archer Armor
16:35 Scale Mail Armor
18:52 Horse Collar
23:00 Castle Age
23:42 Forging
23:03 Pikeman
26:29 Squires
26:14 Arson
29:02 Stone Mining
29:03 Gold Mining
29:17 Heavy Plow
28:52 Crossbowman
30:51 Chieftains
36:57 Imperial Age
37:35 Capped Ram
39:48 Bow Saw
40:11 Crop Rotation
41:02 Fortified Wall
40:26 Elite Berserk
44:42 Chain Mail Armor
45:03 Iron Casting
50:42 Plate Mail Armor
51:13 Gold Shaft Mining
55:09 Bogsveigar
56:05 Bogsveigar
wgieser
7:29 Loom
10:07 Feudal Age
21:45 Castle Age
22:08 Double-Bit Axe
24:23 Gold Mining
24:40 Pikeman
32:57 Imperial Age
32:14 Wheelbarrow
33:40 Bow Saw
33:37 Cavalier
35:20 Stone Mining
36:06 Gold Shaft Mining
36:09 Corvinian Army
37:43 Hand Cart
38:32 Stone Mining
39:18 Gold Shaft Mining
39:48 Ballistics
38:57 Elite Magyar Huszar
42:14 Conscription
44:22 Thumb Ring
44:43 Parthian Tactics
46:00 Heavy Cavalry Archer
48:42 Fletching
48:54 Padded Archer Armor
51:09 Two-Man Saw
51:32 Recurve Bow
Connection lost

Rejoining the realm…

Still unreachable

The connection could not be restored.

Session expired

The server has moved on; the page needs a fresh start.